 Dungeon Crawl Stone Soup version 0.17-a0-1403-g9df874c (webtiles) character file.

76 Fluffy the Slasher (level 4, -3/33 HPs)
             Began as a Demonspawn Gladiator on June 20, 2015.
             Was an Initiate of Makhleb.
             Slain by Sigmund
             ... wielding a +0 scythe
              (6 damage)
             ... on level 3 of the Dungeon.
             The game lasted 00:04:27 (2161 turns).

Fluffy the Slasher (Demonspawn Gladiator)           Turns: 2161, Time: 00:04:27

Health: -3/33      AC: 12    Str: 16    XL:     4   Next: 12%
Magic:  4/4        EV: 11    Int: 15    God:    Makhleb [......]
Gold:   93         SH:  0    Dex: 13    Spells: 0 memorised, 3 levels left

rFire  + . .     SeeInvis .     a - +0 long sword
rCold  + + .     Clarity  .     q - +0 ring mail
rNeg   . . .     SustAt   .     (no shield)
rPois  +         Gourm    .     c - +0 helmet
rElec  +         Spirit   .     (no cloak)
rCorr  +         Warding  .     (no gloves)
rMut   .         Stasis   .     (no boots)
MR     .....                    (no amulet)
Stlth  +.........               (no ring)
                                r - ring of stealth

@: confused, brilliant, resistant, flying, very slightly contaminated,
invisible, not resistant to hostile enchantments, very unstealthy
A: iridescent scales 2, cold resistance 1
a: Renounce Religion


You were on level 3 of the Dungeon.
You worshipped Makhleb.
Makhleb was noncommittal.
You were not hungry.

You visited 1 branch of the dungeon, and saw 3 of its levels.

You collected 93 gold pieces.

Inventory:

Hand weapons
 a - a +0 long sword (weapon)
Missiles
 d - 3 tomahawks
 t - a throwing net (quivered)
Armour
 c - a +0 helmet (worn)
 q - a +0 ring mail (worn)
Jewellery
 r - a ring of stealth (left hand)
Scrolls
 f - a scroll of fear {unknown}
 h - 3 scrolls of identify {unknown}
 i - a scroll of blinking {unknown}
 j - a scroll of enchant weapon {unknown}
 o - a scroll of recharging {unknown}
Potions
 n - a potion of brilliance
Comestibles
 e - 2 bread rations
 g - 2 beef jerkies
 k - a royal jelly
 l - 2 meat rations


   Skills:
 - Level 2.0 Fighting
 + Level 4.4 Long Blades
 - Level 1.7 Throwing
 - Level 2.6 Dodging
 + Level 0.6 Invocations


You had 3 spell levels left.
You didn't know any spells.

Dungeon Overview and Level Annotations

Branches:
Dungeon (3/15)

Altars:
Makhleb
Nemelex Xobeh
The Shining One

Annotations:
D:3 Sigmund


Innate Abilities, Weirdness & Mutations

You are mostly covered in iridescent scales (AC +6).
Your flesh is cold resistant.


Message History

You feel very buoyant.
You fly up into the air.
Drink which item? (? for menu, Esc to quit)
It was a potion of invisibility.
You fade into invisibility!
Something hits you but does no damage.
You are very lightly contaminated with residual magic.
Drink which item? (? for menu, Esc to quit)
It was a potion of resistance.
You feel protected. Something hits you but does no damage.
You closely miss something. You miss something.
Something hits you but does no damage.
You hit something. Something hits you.
* * * LOW HITPOINT WARNING * * *
You miss something.
You hear some strange, mumbled words.
You are confused.
You bump into the rock wall.
Something hits you.
You die...

###.......# ##...##
#.##.##.# ##.....# #
#(##.## ##.......
##.#...####........
...........'........
........####........
###.##.## ##......)
#{#### ##.....# #@#
##...## #.# ##+##
#.# #.# #.########
##.### #........#
#..... #..#####.#
##.###. #..# #.#
#..# #. #..#####.#
##.###.
#......#.####.....


There were no monsters in sight!

Vanquished Creatures
  A gnoll (D:1)
  2 adders (D:2)
  2 giant geckos (D:1)
  An orc (D:3)
  4 bats (D:2)
  A giant cockroach (D:2)
  7 goblins
  6 hobgoblins
  2 quokkas
  2 giant newts (D:2)
  8 kobolds
  8 rats
44 creatures vanquished.

Notes
Turn   | Place    | Note
--------------------------------------------------------------
     0 | D:1      | Fluffy the Demonspawn Gladiator began the quest for the Orb.
     0 | D:1      | Reached XP level 1. HP: 16/16 MP: 1/1
    86 | D:1      | Reached skill level 3 in Long Blades
   105 | D:1      | Gained mutation: You are partially covered in iridescent scales (AC +4). [demonic ancestry]
   105 | D:1      | Reached XP level 2. HP: 16/22 MP: 2/2
   302 | D:1      | Gained mutation: Your flesh is cold resistant. [demonic ancestry]
   302 | D:1      | Reached XP level 3. HP: 18/27 MP: 3/3
   627 | D:2      | Reached skill level 4 in Long Blades
  1409 | D:2      | Gained mutation: You are mostly covered in iridescent scales (AC +6). [demonic ancestry]
  1409 | D:2      | Reached XP level 4. HP: 33/33 MP: 4/4
  1465 | D:2      | Found a sparkling altar of Nemelex Xobeh.
  1466 | D:2      | Found a burning altar of Makhleb.
  1477 | D:2      | Became a worshipper of Makhleb the Destroyer
  1481 | D:2      | Found a glowing golden altar of the Shining One.
  1746 | D:3      | Noticed Sigmund
  2161 | D:3      | Slain by Sigmund

Vault maps used:
D:1:      matt_arrival_los_fun
D:2:      minitemple, first_bread, minmay_strange_pillars
D:3:      uniq_jessica, uniq_sigmund

Action                   |  1- 3 |  4- 6 || total
-------------------------+-------+-------++-------
Melee: Long sword        |   102 |    51 ||   153
Throw: Throwing net      |       |     5 ||     5
  Use: Potion            |       |     4 ||     4
  Eat: Chunk             |     2 |     2 ||     4
